 Dungeon Crawl Stone Soup version 0.23-a0-141-g456867d (webtiles) character file.

125 Amnesiac the Vexing (level 4, -1/32 HPs)
             Began as a Mummy Arcane Marksman on Aug 31, 2018.
             Killed from afar by Sigmund (18 damage)
             ... with a puff of flame
             ... on level 3 of the Dungeon.
             The game lasted 00:04:37 (2820 turns).

Amnesiac the Vexing (Mummy Arcane Marksman)         Turns: 2820, Time: 00:04:38

Health: -1/32      AC: 12    Str: 13    XL:     4   Next: 82%
Magic:  4/9        EV: 12    Int: 17    God:
Gold:   93         SH:  0    Dex: 12    Spells: 3/10 levels left

rFire    x . .     SeeInvis .   s - +1 dagger (protect)
rCold    + . .     Gourm    .   (no shield)
rNeg     + + +     Faith    .   e - +0 robe
rPois    ∞         Spirit   .   (no helmet)
rElec    .         Reflect  .   (no cloak)
rCorr    .         Harm     .   (no gloves)
MR       .....                  i - +2 pair of boots
Stlth    +.........             (no amulet)
HPRegen  0.10/turn              r - +4 ring of intelligence
MPRegen  0.11/turn              (no ring)

@: protection aura
A: no food or potions, fire vulnerability, cold resistance 1, negative energy
resistance 3, torment resistance, unbreathing
a: no special abilities


You were on level 3 of the Dungeon.
You were not hungry.

You visited 1 branch of the dungeon, and saw 4 of its levels.

You collected 93 gold pieces.

Inventory:

Hand Weapons
 a - a +0 hand crossbow
 b - a +3 spear
 k - a +0 hunting sling
 q - a +0 spear of piercing
 s - a +1 dagger of protection (weapon)
Missiles
 d - 32 bolts
 j - 143 stones (quivered)
 o - 35 sling bullets
Armour
 e - a +0 robe (worn)
 i - a +2 pair of boots (worn)
 l - a +1 helmet
Jewellery
 r - a +4 ring of intelligence (left hand)
Scrolls
 c - a scroll of enchant armour {!r}
 f - a scroll of identify {!r}
 g - 2 scrolls of remove curse {!r}
 h - a scroll of random uselessness {!r, unknown}
 m - a scroll of noise {!r, unknown}
 n - a scroll of amnesia {!r, unknown}
 p - a scroll of immolation {!r}


   Skills:
 - Level 1.0 Fighting
 - Level 1.5 Crossbows
 - Level 1.5 Dodging
 + Level 3.9 Spellcasting
 * Level 4.2 Hexes


You had 3 spell levels left.
You knew the following spells:

 Your Spells              Type           Power        Failure   Level  Hunger
a - Corona                Hex            ###....      2%          1    N/A
b - Cause Fear            Hex            ###.......   28%         4    N/A
e - Slow                  Hex            ###.....     4%          2    N/A

Your spell library contained the following spells:

 Spells                   Type           Power        Failure   Level  Hunger
 Inner Flame              Hex/Fire       ##......     21%         3    N/A
 Portal Projectile        Hex/Tloc       ##....       21%         3    N/A
 Leda's Liquefaction      Hex/Erth       ##........   54%         4    N/A

Dungeon Overview and Level Annotations

Branches:
Dungeon (4/15)
 Temple: D:4-7

Altars:

Annotations:
D:3 Sigmund


Innate Abilities, Weirdness & Mutations

You do not eat or drink.
Your flesh is vulnerable to fire.
You are immune to poison.
Your flesh is cold resistant. (rC+)
You are immune to negative energy. (rN+++)
You are immune to unholy pain and torment.
You can survive without breathing.


Message History

You see here a ration.
You see here a ration.
Sigmund shouts!
Sigmund is too close now for your liking.
Wield which item (- for none, * to show all)? (? for menu, Esc to quit)
Your +1 dagger of protection hums with potential!
s - a +1 dagger of protection (weapon)
Casting: Corona (safe; 2% risk of failure)
Confirm with . or Enter, or press ? or * to list all spells.
Okay, then.
Really read
g - 3 scrolls labeled KITITA PYTEE {!r}?
As you read the scroll labeled KITITA PYTEE {!r}, it crumbles to dust.
You feel blessed for a moment.
It was a scroll of remove curse {!r}.
Really read
c - 2 scrolls labeled YLUS QEOLYWI {!r}?
As you read the scroll labeled YLUS QEOLYWI {!r}, it crumbles to dust.
It is a scroll of enchant armour.
Your helmet glows green for a moment.
Really read
f - 2 scrolls labeled VEVAOM MIARPH {!r}?
As you read the scroll labeled VEVAOM MIARPH {!r}, it crumbles to dust.
It is a scroll of identify.
p - a scroll of immolation {!r}
Casting: Corona (safe; 2% risk of failure)
Confirm with . or Enter, or press ? or * to list all spells.
Aiming: Slow (safe; 4% risk of failure)
Press: ? - help, Shift-Dir - straight line, f - Sigmund
Aim: Sigmund, wielding a scythe of flaming and wearing a robe (chance to defeat Sigmund resists with significant effort.
Sigmund points at you and mumbles some strange words.
The magic dart hits you!
Unknown command.
Casting: Slow (safe; 4% risk of failure)
Confirm with . or Enter, or press ? or * to list all spells.
Aiming: Slow (safe; 4% risk of failure)
Press: ? - help, Shift-Dir - straight line, f/p - Sigmund
Aim: Sigmund, wielding a scythe of flaming and wearing a robe (chance to defeat Sigmund seems to slow down.
Casting: Slow (safe; 4% risk of failure)
Confirm with . or Enter, or press ? or * to list all spells.
Aiming: Corona (safe; 2% risk of failure)
Press: ? - help, Shift-Dir - straight line, f/p - Sigmund
Aim: Sigmund, wielding a scythe of flaming and wearing a robe (slow, chance to Sigmund is outlined in light.
Sigmund points at you and mumbles some strange words.
You resist with some effort.
Unknown command.
Wield which item (- for none, * to show all)? (? for menu, Esc to quit)
Okay, then.
Sigmund hits you with a scythe of flaming.
Sigmund burns you.
You hit Sigmund.
Your weapon exudes an aura of protection.
Sigmund is lightly wounded.
You hit Sigmund.
Sigmund is moderately wounded.
Sigmund casts a spell at you. You resist with some effort.
You hit Sigmund.
Sigmund is moderately wounded.
You hit Sigmund but do no damage.
Sigmund is moderately wounded.
Sigmund casts a spell at you. The puff of flame hits you!
The fire burns you terribly!
Ouch! That really hurt!
You die...

......[..........#
##########.#####.#
#.....#.# #####.#.#
#.#.# #.#.# #.#.# #.#.#
#.#@# #.#.@......
##############.#########
...........†...%....#
##############......#
####.#.# #####


You could see Sigmund.

Vanquished Creatures
  Jessica (D:3)
  An adder (D:2)
  A worm (D:2)
  5 dart slugs
  6 leopard geckos
  6 orcs
  3 giant cockroaches
  9 goblins
  7 hobgoblins
  A jackal (D:2)
  2 bats
  7 frilled lizards
  9 kobolds
  5 rats
63 creatures vanquished.

Notes
Turn   | Place    | Note
-------+----------+-------------------------------------------
     0 | D:1      | Amnesiac the Mummy Arcane Marksman began the quest for the
                  | Orb.
     0 | D:1      | Reached XP level 1. HP: 15/15 MP: 2/2
   214 | D:1      | Reached XP level 2. HP: 17/21 MP: 1/5
   261 | D:1      | Learned a level 2 spell: Slow
   439 | D:1      | Reached skill level 3 in Hexes
   573 | D:1      | Reached XP level 3. HP: 26/26 MP: 5/7
  1660 | D:2      | Reached XP level 4. HP: 22/32 MP: 9/9
  1711 | D:2      | Learned a level 4 spell: Cause Fear
  2326 | D:3      | Noticed Jessica
  2330 | D:3      | Killed Jessica
  2330 | D:3      | Reached skill level 4 in Hexes
  2434 | D:3      | Noticed Sigmund
  2820 | D:3      | Killed from afar by Sigmund

Vault maps used:
D:1:      eino_arrival_druids_welcome
D:2:      first_ration, kennysheep_generic_room_2
D:3:      uniq_sigmund, uniq_jessica
D:4:      temple_fountains, uniq_edmund

Skill      XL: |  1  2  3  4 |
---------------+-------------+-----
Spellcasting   | 2 3 |  3.9
Hexes          | 3 4 |  4.2
Fighting       | |  1.0
Crossbows      | |  1.5
Dodging        | |  1.5

Action                   |  1- 3 |  4- 6 || total
-------------------------+-------+-------++-------
Melee: Unarmed           |    16 |       ||    16
       Club              |    13 |       ||    13
       Spear             |   141 |    46 ||   187
       Dagger            |       |     4 ||     4
 Fire: Hand crossbow     |     4 |    24 ||    28
 Cast: Corona            |    10 |     4 ||    14
       Slow              |       |     4 ||     4
  Use: Scroll            |       |     3 ||     3
 Stab: Sleeping          |     1 |       ||     1
Armor: Robe              |    33 |    14 ||    47
Dodge: Dodged            |    90 |    30 ||   120

Table legend:
 A = Non-vault XP
 B = Vault XP
 C = Vault XP percentage of total XP
 D = Non-vault monster count
 E = Vault monster count
 F = Vault count percentage of total count
                 A         B        C        D         E       F
            +---------+---------+-------+---------+---------+-------
      Total |     135 |      44 |  24.6 |      60 |       3 |   4.8
            +---------+---------+-------+---------+---------+-------
        D:1 |      47 |       0 |   0.0 |      26 |       0 |   0.0
        D:2 |      52 |       7 |  11.9 |      21 |       2 |   8.7
        D:3 |      33 |      37 |  52.9 |      12 |       1 |   7.7
        D:4 |       3 |       0 |   0.0 |       1 |       0 |   0.0
            +---------+---------+-------+---------+---------+-------
